 Dungeon Crawl Stone Soup version 0.28-a0-1206-g193881aaa2 (webtiles) character file.

Game seed: 16493193832409174620

1443 Woods the Magician (level 9, -2/65 HPs)
             Began as a Djinni Fire Elementalist on Dec 20, 2021.
             Was an Initiate of Makhleb.
             Slain by an orc warrior (18 damage)
             ... on level 6 of the Dungeon.
             The game lasted 00:08:51 (5970 turns).

Woods the Magician (Djinni Fire Elementalist)       Turns: 5970, Time: 00:08:51

Health: -2/65      AC:  2    Str:  7    XL:     9   Next: 4%
Gold:   210        EV: 12    Int: 22    God:    Makhleb [......] SH:  0 Dex: 13

rFire   + + .      SeeInvis .   (no weapon)
rCold   x . .      Faith    .   (no shield)
rNeg    . . .      Spirit   .   a - +0 robe
rPois   ∞          Reflect  .   (no helmet)
rElec   .          Harm     .   (no cloak)
rCorr   .          Rampage  .   (no gloves)
Will    .....                   (boots unavailable)
Stlth   +++.......              j - amulet of regeneration
HPRegen 1.00/turn               (no ring)
MPRegen 0.00/turn               (no ring)

@: flying
A: sickness immunity, fire resistance 2, cold vulnerability 1, float, innate
caster, hp casting, extra vitality 1
a: Renounce Religion


You were on level 6 of the Dungeon.
You worshipped Makhleb.
Makhleb was noncommittal.
You visited 2 branches of the dungeon, and saw 7 of its levels.

You collected 210 gold pieces.

Inventory:

Armour
 a - a +0 robe (worn)
Jewellery
 j - an amulet of regeneration (around neck)
Scrolls
 b - 6 scrolls of identify {unknown}
 c - 2 scrolls of silence {unknown}
 d - 2 scrolls of teleportation {unknown}
 h - 2 scrolls of blinking {unknown}
 i - a scroll of enchant weapon {unknown}
 k - a scroll of immolation {unknown}
 m - a scroll of noise {unknown}
 n - a scroll of acquirement {unknown}
 o - a scroll of enchant armour {unknown}
 q - a scroll of magic mapping {unknown}
Potions
 e - 3 potions of curing {unknown}
 f - 2 potions of heal wounds {unknown}
 g - 4 potions of flight {unknown}
 l - a potion of degeneration {unknown}
 p - 2 potions of ambrosia {unknown}


   Skills:
 + Level 5.1 Fighting
 - Level 3.0 Dodging
 - Level 5.0 Stealth
 - Level 6.0 Spellcasting


You couldn't memorise any spells.
You knew the following spells:

 Your Spells              Type           Power      Damage    Failure   Level
a - Foxfire               Conj/Fire      100%       2x1d9     1%          1
b - Scorch                Fire           66%        2d8       1%          2
c - Conjure Flame         Conj/Fire      33%        6-21      2%          3
d - Inner Flame           Hex/Fire       33%        N/A       2%          3
e - Flame Wave            Conj/Fire      33%        2d7       8%          4
f - Pain                  Necr           100%       1d9       1%          1
g - Static Discharge      Conj/Air       33%        N/A       1%          2
h - Ignite Poison         Fire/Tmut/Pois 33%        N/A       2%          3
i - Stone Arrow           Conj/Erth      66%        3d11      2%          3
Your spell library was empty.

Dungeon Overview and Level Annotations

Branches:
Dungeon (6/15)             Temple (1/1) D:5

Altars:
Ashenzari
Cheibriados
Dithmenos
Elyvilon
Fedhas
Gozag
Hepliaklqana
Kikubaaqudgha
Makhleb
Nemelex Xobeh
Okawaru
Ru
Trog
Uskayaw
Wu Jian
Xom
Zin
The Shining One

Shops:
D:3 (


Innate Abilities, Weirdness & Mutations

You are immune to sickness and miasma.
You are immune to poison.
Your flesh is very heat resistant. (rF++)
You are vulnerable to cold. (rC-)
You float through the air rather than walking.
You learn spells naturally, not from books.
Your magical power is your life essence.
You have superior vitality. (+4 HP)


Message History

The orc warrior is heavily wounded.
The flame wave engulfs the orc.
The orc is almost dead.
The flame wave engulfs the scorpion.
The scorpion is moderately wounded.
The orc warrior closely misses you.
A wave of flame ripples out!
The flame wave engulfs the orc.
You kill the orc!
Makhleb accepts your kill.
The flame wave engulfs the scorpion!
The scorpion is severely wounded.
The flame wave engulfs the orc warrior!
The orc warrior is severely wounded.
The flame wave engulfs the orc.
The orc is moderately wounded.
You finish channelling waves of flame.
You hear an angry hiss.
The scorpion stings you!
The orc warrior hits you from afar with a +0 halberd!
The scorpion stings you.
Casting: Flame Wave (dangerous; 8% risk of failure)
Confirm with . or Enter, or press ? or * to list all spells.
Casting: Flame Wave (dangerous; 8% risk of failure)
Press: ? - help, Dir - look around, f - activate A wave of flame ripples out!
The flame wave engulfs the scorpion but does no damage.
The scorpion is severely wounded. (Press . to intensify the flame waves.)
The orc warrior barely misses you. The scorpion stings you.
* * * LOW HITPOINT WARNING * * *
A wave of flame ripples out!
The flame wave engulfs the orc!
You kill the orc!
Makhleb accepts your kill.
The flame wave engulfs the scorpion.
The scorpion is almost dead.
The flame wave engulfs the orc warrior but does no damage.
The orc warrior is severely wounded.
* * * LOW HITPOINT WARNING * * *
The orc warrior hits you from afar with a +0 halberd!!
You die...

.....## .......##
....... .........
.......##........
.# #.............
...##..<.........
.................
..#..o...........
#.#..†s...$..). #
##)@.........
#)).........
#.)..#.......
......##.....#
......## ####.#
#......## ##
##..... ###..#


You could see an orc warrior and a scorpion.

Vanquished Creatures
  Grinder (D:4)
  Sigmund (D:3)
  Menkaure (D:5)
  A water moccasin (D:6)
  A phantom (D:5)
  4 scorpions
  A howler monkey (D:5)
  A centaur zombie (D:5)
  A jelly (D:4)
  2 orc priests
  2 iguanas
  A centaur skeleton (D:5)
  3 orc wizards
  Natasha (thrice) (D:3)
  8 adders
  An adder skeleton (D:2)
  4 worms
  10 dart slugs
  12 orcs
  14 ball pythons
  3 bats
  7 endoplasms
  6 goblins
  5 hobgoblins
  3 quokkas
  5 frilled lizards
  8 kobolds
  3 rats
112 creatures vanquished.

Vanquished Creatures (collateral kills)
  A foxfire (D:4)
1 creature vanquished.

Vanquished Creatures (others)
  296 foxfires
296 creatures vanquished.

Grand Total: 409 creatures vanquished

Notes
Turn   | Place    | Note
-------+----------+-------------------------------------------
     0 | D:1      | Woods the Djinni Fire Elementalist began the quest for the
                  | Orb.
     0 | D:1      | Reached XP level 1. HP: 15/15 MP: 0/0
   261 | D:1      | Found a faded altar of an unknown god.
   288 | D:1      | Reached XP level 2. HP: 17/21 MP: 0/0
   632 | D:1      | Reached skill level 3 in Spellcasting
  1143 | D:1      | Reached XP level 3. HP: 22/25 MP: 0/0
  1143 | D:1      | Learned a level 1 spell: Pain
  2004 | D:2      | Reached XP level 4. HP: 26/31 MP: 0/0
  2540 | D:3      | Found Kafi's Weapon Shoppe.
  2926 | D:3      | Noticed Natasha
  2934 | D:3      | Killed Natasha
  2935 | D:3      | Reached skill level 4 in Spellcasting
  2935 | D:3      | Reached XP level 5. HP: 27/35 MP: 0/0
  2935 | D:3      | Learned a level 2 spell: Static Discharge
  2998 | D:3      | Noticed Natasha
  3002 | D:3      | Killed Natasha
  3210 | D:3      | Noticed Natasha
  3214 | D:3      | Killed Natasha
  3352 | D:3      | Found a blossoming altar of Fedhas.
  3494 | D:3      | Noticed Sigmund
  3521 | D:3      | Killed Sigmund
  3522 | D:3      | Reached skill level 5 in Spellcasting
  3522 | D:3      | Reached XP level 6. HP: 32/40 MP: 0/0
  3692 | D:4      | Reached XP level 7. HP: 45/45 MP: 0/0
  3692 | D:4      | Learned a level 3 spell: Ignite Poison
  3893 | D:4      | Reached skill level 6 in Spellcasting
  3910 | D:4      | Noticed Grinder
  3916 | D:4      | Killed Grinder
  3986 | D:4      | Reached XP level 8. HP: 51/54 MP: 0/0
  4340 | D:4      | Found a white marble altar of Elyvilon.
  4739 | D:5      | Entered Level 5 of the Dungeon
  5028 | D:5      | Found a staircase to the Ecumenical Temple.
  5039 | Temple   | Entered the Ecumenical Temple
  5159 | Temple   | Became a worshipper of Makhleb the Destroyer
  5347 | D:5      | Noticed Menkaure
  5382 | D:5      | Killed Menkaure
  5439 | D:5      | Found a hazy altar of Hepliaklqana.
  5446 | D:5      | Found an iron altar of Okawaru.
  5965 | D:6      | Reached skill level 5 in Fighting
  5965 | D:6      | Reached skill level 5 in Stealth
  5965 | D:6      | Reached XP level 9. HP: 49/65 MP: 0/0
  5965 | D:6      | Learned a level 3 spell: Stone Arrow
  5970 | D:6      | Slain by an orc warrior

Illustrated notes

Levels and vault maps discovered:
D:1:      giann_bridges, layout_basic, chequers_ecumenical_altar_simple_redux,
          hex_medium, minivault_24
D:2:      layout_basic
D:3:      layout_rooms, fedhas_ov_isle_minmay, serial_shops,
          nicolae_shop_bloodbath_and_beyond, uniq_natasha, uniq_sigmund
D:4:      minmay_thinvault, layout_layer_cave, kennysheep_little_box,
          chequers_big_river, uniq_grinder
D:5:      layout_layer_cave, amethyst_overflow_temple_binary,
          minmay_temple_entry_proselytizer, uniq_menkaure
D:6:      layout_cave_pools, fiery_altar_vehumet, grunt_ministairs_1
Temple:   eino_temple_water

Skill      XL: |  1  2  3  4  5  6  7  8 |
---------------+-------------------------+-----
Spellcasting   | 3 4 5 6 |  6.0
Fighting       | 2 5 |  5.1
Dodging        | 3 |  3.0
Stealth        | 2 5 |  5.0

Action                   |  1- 3 |  4- 6 |  7- 9 || total
-------------------------+-------+-------+-------++-------
Melee: Unarmed           |     9 |     5 |     1 ||    15
 Cast: Foxfire           |    88 |    70 |    15 ||   173
       Scorch            |       |    11 |    77 ||    88
       Conjure Flame     |       |     1 |     3 ||     4
       Flame Wave        |       |       |     6 ||     6
Armor: Robe              |     3 |     1 |     2 ||     6
Dodge: Dodged            |     8 |     6 |    19 ||    33

Table legend: (Time is in decaauts)
 A = Elapsed time spent in this place.
 B = Non-inter-level travel time spent in this place.
 C = Inter-level travel time spent in this place.
 D = Time resting spent in this place.
 E = Time spent auto-exploring this place.
 F = Levels seen in this place.
 G = Mean time per level.
                   A        B        C        D        E       F      G
               +--------+--------+--------+--------+--------+-----+--------+
         Total |   5975 |   5828 |    147 |      0 |   5027 |   7 |  853.6 |
       Dungeon |   5844 |   5706 |    138 |      0 |   4938 |   6 |  974.0 |
        Temple |    130 |    121 |      9 |      0 |     89 |   1 |  130.0 |
               +--------+--------+--------+--------+--------+-----+--------+

Top non-repeatable levels by time:
     D:1: 1334 daAuts
     D:4: 1166 daAuts
     D:3: 1151 daAuts
     D:2: 1091 daAuts
     D:5: 1079 daAuts
  Temple: 130 daAuts
     D:6: 20 daAuts
